Map: Forgotten Sanctuary

Players

overlord

  • Race: Protoss Protoss
  • Spawn Location: 9:00

Jigaboo

  • Race: Zerg Zerg
  • Spawn Location: 12:00

HAMMER

  • Race: Protoss Protoss
  • Spawn Location: 12:00

Sam

  • Race: Terran Terran
  • League: Silver
  • Spawn Location: 9:00

BioMan - Winner!

  • Race: Zerg Zerg
  • Spawn Location: 6:00

Infamous - Winner!

  • Race: Protoss Protoss
  • League: Gold
  • Spawn Location: 3:00

Radio - Winner!

  • Race: Terran Terran
  • Spawn Location: 6:00

StoneHead - Winner!

  • Race: Protoss Protoss
  • Spawn Location: 3:00

VOD

Have the link to the VOD?

Description

Time

  • Played on: April 11, 2018, 10:47 a.m.
  • Length: 14:18
Show
View Real Time Build Order
Export as new Build Order

overlord Protoss 

Build Orders:  

Get SALT Encoding   

Show
View Real Time Build Order
Export as new Build Order

Jigaboo Zerg 

Build Orders: Hatch First 

Get SALT Encoding   

  12  0:03  Drone  
  13  0:16  Drone  
  13  0:20  Overlord  
  14  0:39  Drone x2  
  16  0:56  Drone  
  17  0:58  Hatchery  
  16  1:05  Drone x2  
  18  1:19  Spawning Pool  
  17  1:27  Drone x2  
  19  1:38  Extractor  
  19  1:39  Drone  
  19  1:51  Drone  
  20  1:58  Drone  
  21  2:07  Overlord  
  21  2:09  Queen  
  21  2:12  Spine Crawler  
  22  2:16  Drone  
  22  2:17  Queen  
  22  2:21  Zergling x2  
  22  2:22  Spine Crawler  
  25  2:34  Spine Crawler  
  25  2:35  Drone  
  25  2:36  Drone  
  26  2:44  Queen  
  28  2:59  Zergling x6  
  31  3:30  Zergling x10  
  36  4:02  Metabolic Boost  
  32  4:07  Zergling x8  
  33  4:43  Zergling x2  
  33  4:44  Zergling x2  
  33  4:45  Overlord x4  
  35  4:55  Overlord x2  
  35  4:59  Extractor  
  34  5:03  Extractor  
  33  5:09  Zergling x4, Roach Warren  
  34  5:14  Zergling x4  
  34  5:15  Zergling x10  
  31  5:50  Drone x3  
  34  6:00  Roach x3  
  34  6:01  Roach x3  
  34  6:03  Lair  
  46  6:08  Drone x2  
  48  6:28  Roach x5  
  48  6:29  Roach x3  
  64  6:37  Spore Crawler  
  63  6:40  Spore Crawler x2  
  63  6:45  Spore Crawler  
  60  6:48  Spore Crawler  
  60  6:49  Spore Crawler  
  58  7:01  Roach x3  
  58  7:02  Roach x3  
  55  7:36  Drone x5  
  60  7:40  Drone x4  
  60  7:41  Drone x2  
  66  7:57  Hydralisk Den, Glial Reconstitution  
  65  8:12  Roach x4  
  73  8:30  Muscular Augments  
  73  8:31  Hydralisk  
  75  8:38  Drone x3  
  70  9:14  Hydralisk x7  
  80  9:35  Hydralisk x2  
  80  9:38  Overlord x3  
Show
View Real Time Build Order
Export as new Build Order

HAMMER Protoss 

Build Orders:  

Get SALT Encoding   

  12  0:23  Probe  
  13  0:33  Pylon  
  13  0:35  Probe (Chrono Boost), Assimilator  
  14  0:47  Probe (Chrono Boost)  
  15  0:53  Gateway  
  15  1:00  Forge  
  15  1:03  Probe  
  16  1:12  Assimilator  
  16  1:34  Photon Cannon  
  16  1:52  Photon Cannon  
  16  2:10  Nexus  
  16  2:23  Probe  
  17  2:35  Probe  
  18  2:44  Cybernetics Core  
  18  2:47  Pylon, Probe  
  18  2:48  Zealot  
  21  2:59  Probe  
  21  3:05  Assimilator  
  22  3:11  Probe, Photon Cannon  
  23  3:23  Probe  
  24  3:35  Probe  
  24  3:36  Probe  
  26  3:43  Stargate  
  26  3:46  Pylon  
  26  3:47  Probe  
  26  3:48  Probe  
  28  3:49  Pylon  
  28  3:52  Zealot  
  30  4:00  Probe  
  30  4:01  Photon Cannon  
  31  4:09  Stargate  
  31  4:12  Probe  
  32  4:24  Probe  
  33  4:37  Stargate  
  33  4:40  Pylon  
  33  4:43  Pylon  
  33  4:51  Probe, Robotics Facility  
  34  5:03  Probe  
  35  5:10  Void Ray  
  39  5:15  Probe  
  39  5:21  Assimilator  
  40  5:24  Pylon  
  40  5:27  Pylon, Probe  
  41  5:36  Void Ray  
  41  5:39  Probe  
  41  5:41  Observer (Chrono Boost)  
  47  5:51  Probe  
  47  5:52  Void Ray  
  52  6:03  Probe  
  53  6:08  Void Ray  
  57  6:16  Protoss Air Weapons Level 1 (Chrono Boost)  
  57  7:09  Void Ray  
  57  7:10  Void Ray x2  
  69  7:25  Stargate  
  69  7:28  Probe  
  70  7:40  Probe  
  71  7:44  Pylon  
  71  7:47  Pylon  
  71  7:50  Photon Cannon  
  71  7:52  Probe  
  71  7:58  Fleet Beacon  
  72  7:59  Observer  
  72  8:04  Probe  
  72  8:05  Void Ray  
  78  8:16  Probe  
  78  8:19  Void Ray  
  75  9:02  Void Ray x3  
Show
View Real Time Build Order
Export as new Build Order

Sam Terran 

Build Orders:  

Get SALT Encoding   

    6:18  SCV  
  1  7:06  Command Center  
  1  8:20  SCV  
  1  8:24  Command Center  
  2  8:32  SCV  
  3  8:44  SCV  
  3  8:48  Command Center  
  4  8:56  SCV  
  4  8:58  Command Center  
  5  9:08  SCV  
  6  9:12  Command Center  
  1  12:46  Command Center  
Show
View Real Time Build Order
Export as new Build Order

BioMan Zerg - Winner!

Build Orders: Pool First 

Get SALT Encoding   

  12  0:08  Drone x2  
  14  0:31  Spawning Pool  
  14  0:34  Extractor  
  12  0:35  Drone x2  
  14  0:48  Overlord  
  14  0:59  Overlord  
  14  1:19  Zergling x4  
  16  1:28  Zergling x2  
  17  1:36  Queen  
  17  1:37  Zergling x2  
  17  1:39  Metabolic Boost  
  20  1:42  Zergling x2  
  21  1:56  Zergling x2  
  22  2:03  Zergling x2  
  23  2:16  Zergling x2  
  24  2:30  Hatchery  
  23  2:39  Drone x2  
  25  3:27  Lair, Spine Crawler  
  25  3:28  Drone x3  
  27  3:34  Spine Crawler  
  26  3:44  Drone  
  26  3:46  Queen  
  27  4:07  Overlord  
  27  4:08  Zergling x8  
  29  4:31  Zergling x6  
  29  4:36  Drone x3  
  34  4:45  Spire  
  33  4:46  Extractor  
  32  4:55  Drone  
  33  5:02  Spore Crawler  
  33  5:05  Drone x3  
  35  5:08  Overseer  
  35  5:18  Drone  
  36  5:52  Drone x4  
  40  5:57  Extractor  
  39  6:05  Spore Crawler  
  37  6:20  Drone x4  
  41  6:26  Drone x2  
  41  6:31  Extractor  
  42  6:36  Spore Crawler  
  42  6:39  Drone x2  
  43  6:44  Overlord x2, Hatchery  
  42  6:49  Overlord  
  42  6:52  Zerg Flyer Weapons Level 1  
  42  6:57  Spore Crawler  
  41  7:02  Drone x2  
  43  7:10  Drone x3  
  46  7:23  Drone x2  
  48  7:30  Mutalisk x2  
  48  7:31  Mutalisk  
  54  7:41  Mutalisk x2  
  58  7:51  Spore Crawler  
  57  7:53  Mutalisk  
  57  7:54  Spore Crawler  
  58  8:05  Mutalisk x3  
  64  8:17  Drone x4  
  68  8:34  Hatchery  
  68  8:40  Mutalisk  
  65  9:24  Mutalisk x4  
  65  9:26  Overlord  
  65  9:28  Zerg Flyer Armor Level 1  
  73  9:54  Drone  
  73  9:56  Queen  
  73  9:58  Mutalisk x4  
  73  9:59  Mutalisk  
  86  10:02  Overlord x3  
  86  10:03  Overlord x3  
  84  10:22  Mutalisk x3  
  90  10:51  Drone x3  
  90  10:55  Extractor  
  92  11:08  Mutalisk x3  
  98  11:12  Mutalisk x5  
  98  11:16  Mutalisk x2  
  112  12:03  Mutalisk x2  
  112  12:04  Mutalisk  
  112  12:07  Mutalisk x2  
  122  12:18  Extractor  
  121  12:23  Drone  
  121  12:24  Drone x5  
Show
View Real Time Build Order
Export as new Build Order

Infamous Protoss - Winner!

Build Orders: 1 Gate Expand 

Get SALT Encoding   

  12  0:02  Probe  
  13  0:14  Pylon  
  13  0:22  Probe (Chrono Boost)  
  14  0:34  Probe (Chrono Boost)  
  15  0:35  Gateway  
  15  0:42  Probe  
  16  0:55  Probe  
  17  0:58  Assimilator  
  17  1:07  Probe  
  18  1:22  Probe  
  19  1:26  Nexus  
  19  1:34  Cybernetics Core  
  19  1:43  Probe  
  20  2:18  Probe  
  20  2:20  Warp Gate  
  21  2:28  Pylon, Stalker (Chrono Boost)  
  21  2:29  Assimilator  
  21  2:33  Gateway  
  23  2:42  Probe (Chrono Boost)  
  25  2:47  Probe (Chrono Boost)  
  25  2:52  Stalker (Chrono Boost)  
  26  3:15  Stargate  
  26  3:17  Probe (Chrono Boost)  
  28  3:22  Probe (Chrono Boost)  
  28  3:37  Probe (Chrono Boost)  
  30  3:43  Probe (Chrono Boost)  
  30  3:47  Probe (Chrono Boost)  
  34  4:03  Void Ray  
  34  4:05  Probe x2  
  37  4:12  Pylon  
  37  4:40  Probe (Chrono Boost)  
  37  4:42  Fleet Beacon  
  37  4:45  Probe (Chrono Boost)  
  39  4:50  Probe (Chrono Boost)  
  39  4:51  Void Ray (Chrono Boost)  
  41  4:54  Probe (Chrono Boost)  
  41  4:55  Probe (Chrono Boost)  
  46  5:04  Probe  
  46  5:05  Pylon  
  47  5:08  Pylon, Assimilator  
  47  5:10  Probe  
  47  5:11  Assimilator  
  48  5:16  Probe  
  48  5:18  Protoss Air Weapons Level 1 (Chrono Boost)  
  49  5:29  Forge  
  49  5:30  Void Ray (Chrono Boost)  
  49  5:56  Pylon  
  49  5:57  Pylon  
  49  6:01  Probe x2  
  51  6:10  Protoss Shields Level 1 (Chrono Boost)  
  51  6:11  Pylon  
  51  6:15  Photon Cannon  
  51  6:19  Photon Cannon  
  51  6:23  Photon Cannon  
  51  6:31  Stargate  
  51  6:32  Probe x2, Stargate  
  53  6:40  Anion Pulse-Crystals (Chrono Boost)  
  53  7:01  Probe  
  53  7:02  Probe  
  61  7:16  Carrier (Chrono Boost)  
  61  7:17  Void Ray (Chrono Boost)  
  61  7:22  Protoss Air Armor Level 1  
  65  7:34  Probe x2  
  67  7:57  Stargate  
  67  8:15  Stargate  
  73  8:25  Tempest (Chrono Boost)  
  73  8:43  Twilight Council  
  63  9:04  Carrier (Chrono Boost)  
  63  9:23  Void Ray (Chrono Boost)  
  63  9:31  Carrier (Chrono Boost)  
  73  9:35  Probe x2  
  75  9:47  Probe  
  76  10:10  Nexus  
  76  10:14  Graviton Catapult  
  76  10:16  Nexus  
  76  10:19  Pylon  
  76  10:21  Pylon, Carrier (Chrono Boost)  
  76  10:24  Pylon, Void Ray (Chrono Boost)  
  76  10:27  Pylon  
  80  10:38  Protoss Shields Level 2 (Chrono Boost)  
  80  10:49  Probe x2  
  82  10:55  Void Ray  
  86  11:01  Probe  
  86  11:02  Probe  
  88  11:51  Carrier, Tempest  
  88  11:52  Tempest  
  106  11:59  Assimilator  
  106  12:01  Assimilator  
  106  12:02  Probe (Chrono Boost)  
  107  12:12  Probe (Chrono Boost)  
  107  12:14  Probe x3 (Chrono Boost)  
  111  12:18  Assimilator  
  111  12:22  Probe x2  
  113  12:23  Assimilator  
  113  12:26  Carrier (Chrono Boost)  
  119  12:32  Tempest  
  125  13:02  Void Ray (Chrono Boost)  
  129  13:25  Probe x2  
  129  13:26  Probe x2  
  133  13:32  Tempest (Chrono Boost)  
  133  13:37  Probe  
Show
View Real Time Build Order
Export as new Build Order

Radio Terran - Winner!

Build Orders: Command Center First (CC) 

Get SALT Encoding   

  12  0:09  SCV  
  13  0:21  SCV  
  14  0:31  Supply Depot  
  14  0:34  SCV  
  15  0:59  Command Center  
  15  1:05  Refinery  
  15  1:09  SCV  
  16  1:21  Refinery  
  16  1:24  SCV  
  17  1:34  Engineering Bay  
  17  1:36  SCV  
  18  1:49  SCV  
  19  2:00  Barracks  
  19  2:01  SCV  
  20  2:25  Planetary Fortress  
  20  2:32  SCV  
  21  2:44  SCV  
  22  2:57  SCV  
  23  3:03  SCV  
  24  3:09  SCV  
  25  3:21  SCV  
  25  3:26  Building Armor, Command Center  
  26  3:36  Factory  
  26  3:53  Marine  
  27  4:08  SCV  
  27  4:09  SCV  
  29  4:11  Marine  
  29  4:28  Marine  
  29  4:29  SCV  
  31  4:33  Refinery  
  31  4:36  SCV, Refinery  
  32  4:46  Marine  
  32  4:47  Command Center  
  32  4:48  SCV  
  32  4:49  SCV  
  32  4:52  Planetary Fortress  
  35  5:01  SCV, Orbital Command  
  35  5:04  Marine  
  35  5:06  Hi-Sec Auto Tracking  
  37  5:13  SCV  
  38  5:21  Missile Turret  
  38  5:25  SCV  
  39  5:34  SCV x2  
  39  5:35  Starport  
  41  5:37  SCV  
  42  5:44  Missile Turret  
  42  5:46  SCV x2  
  42  5:49  SCV  
  45  5:53  Refinery  
  45  5:57  Refinery  
  45  5:58  SCV x2  
  45  6:01  SCV  
  45  6:03  Missile Turret  
  48  6:10  SCV  
  48  6:11  SCV  
  50  6:13  SCV  
  50  6:14  Starport Tech Lab  
  51  6:22  SCV  
  51  6:23  SCV, Command Center  
  53  6:25  SCV  
  53  6:26  SCV, Liberator, Armory  
  53  6:27  Armory  
  53  6:28  Fusion Core  
  55  6:34  SCV  
  55  6:35  SCV  
  55  6:37  SCV  
  55  6:38  SCV  
  59  6:46  SCV  
  63  6:47  SCV  
  63  6:50  SCV  
  66  6:56  Command Center  
  66  6:58  SCV, Orbital Command  
  66  6:59  SCV  
  67  7:07  SCV  
  68  7:22  Supply Depot  
  68  7:24  Supply Depot  
  68  7:25  Supply Depot  
  68  7:27  Supply Depot  
  68  7:28  Supply Depot  
  68  7:31  Supply Depot  
  68  7:35  SCV x3  
  71  7:39  Planetary Fortress  
  71  7:44  Supply Depot  
  71  7:47  SCV x2  
  71  7:48  Bunker  
  71  7:49  Supply Depot  
  73  7:54  Advanced Ballistics  
  73  7:59  SCV x2  
  73  8:04  SCV  
  73  8:05  SCV  
  77  8:18  Starport  
  77  8:20  Starport x2, SCV  
  77  8:21  SCV x3  
  77  8:24  Starport  
  77  8:26  Orbital Command  
  81  8:30  Refinery  
  81  8:32  SCV, Refinery  
  81  8:33  SCV x3  
  85  8:44  Starport, SCV  
  85  8:45  SCV x3  
  85  8:46  Starport  
  89  8:48  Starport  
  89  8:49  Starport  
  89  8:51  Starport  
  89  8:52  Starport  
  89  8:57  SCV  
  89  9:00  Starport Reactor x2  
  90  9:11  Starport Reactor  
  90  9:24  Terran Ship Weapons Level 1  
  90  9:25  Missile Turret, Terran Vehicle And Ship Armor Level 1  
  90  9:28  Starport x2  
  90  9:29  Missile Turret  
  90  9:30  Missile Turret  
  90  9:31  Starport, Missile Turret  
  90  9:33  Starport, Missile Turret x2  
  90  9:35  Starport  
  90  9:39  Starport Tech Lab x6  
  90  9:59  Battlecruiser x2  
  102  10:08  Refinery  
  102  10:10  Refinery  
  102  10:15  Starport Tech Lab  
  98  10:53  Starport Tech Lab  
  98  10:54  Starport Tech Lab  
  98  11:13  Battlecruiser x4  
  122  11:19  Command Center  
  122  11:29  Supply Depot  
  122  11:32  Supply Depot  
  122  11:33  Supply Depot x2  
  122  11:35  Supply Depot  
  122  11:37  Battlecruiser  
  122  11:38  Battlecruiser  
  134  11:47  Command Center  
  134  11:58  Refinery  
  134  12:06  Refinery  
  134  12:15  Refinery  
  134  12:17  Battlecruiser x2  
  146  12:25  Refinery  
  146  12:30  Starport Tech Lab x3  
  146  12:46  Battlecruiser  
  146  12:47  Battlecruiser  
  158  12:56  Command Center  
  158  13:02  Orbital Command  
  158  13:26  Missile Turret  
  158  13:45  Missile Turret  
Show
View Real Time Build Order
Export as new Build Order

StoneHead Protoss - Winner!

Build Orders: 1 Gate Expand 

Get SALT Encoding   

  12  0:02  Probe  
  13  0:15  Pylon  
  13  0:18  Probe (Chrono Boost)  
  14  0:28  Probe (Chrono Boost)  
  15  0:34  Assimilator  
  15  0:35  Probe  
  16  0:47  Probe  
  17  0:52  Gateway  
  17  1:00  Probe (Chrono Boost)  
  18  1:11  Assimilator  
  19  1:12  Probe (Chrono Boost)  
  19  1:42  Probe  
  19  1:43  Nexus  
  20  1:47  Zealot  
  22  1:54  Probe  
  22  1:58  Pylon  
  23  2:18  Probe (Chrono Boost)  
  24  2:23  Probe (Chrono Boost), Forge  
  25  2:30  Zealot  
  25  2:33  Probe  
  28  2:45  Probe  
  29  2:51  Assimilator  
  29  2:55  Probe (Chrono Boost)  
  29  2:56  Assimilator  
  29  2:57  Zealot  
  33  3:06  Probe (Chrono Boost)  
  33  3:08  Cybernetics Core  
  33  3:10  Probe (Chrono Boost)  
  34  3:16  Cybernetics Core  
  34  3:25  Probe  
  35  3:35  Probe  
  35  3:38  Probe  
  37  3:47  Probe  
  38  3:50  Probe  
  39  3:57  Pylon  
  39  4:02  Probe  
  40  4:14  Probe  
  41  4:18  Nexus  
  41  4:32  Stargate  
  41  4:37  Stargate  
  41  4:41  Stargate  
  41  4:47  Pylon  
  41  4:52  Probe (Chrono Boost)  
  43  5:00  Probe (Chrono Boost)  
  43  5:02  Protoss Air Weapons Level 1  
  43  5:03  Probe (Chrono Boost), Protoss Air Armor Level 1  
  43  5:04  Protoss Shields Level 1  
  45  5:08  Probe (Chrono Boost)  
  45  5:10  Probe (Chrono Boost)  
  45  5:13  Assimilator  
  46  5:18  Probe  
  47  5:21  Assimilator  
  47  5:28  Stargate  
  47  5:30  Stargate  
  47  5:39  Probe (Chrono Boost)  
  48  5:48  Probe (Chrono Boost)  
  49  5:54  Probe (Chrono Boost)  
  49  5:56  Probe (Chrono Boost)  
  52  6:06  Probe (Chrono Boost)  
  52  6:09  Probe (Chrono Boost), Void Ray x3  
  52  6:11  Probe (Chrono Boost)  
  66  6:18  Void Ray  
  66  6:20  Probe  
  71  6:32  Probe  
  71  6:37  Void Ray  
  76  6:43  Pylon  
  76  6:45  Probe  
  76  6:46  Pylon  
  77  6:50  Fleet Beacon  
  77  6:53  Pylon  
  77  7:03  Probe (Chrono Boost)  
  77  7:04  Pylon  
  77  7:08  Pylon  
  78  7:09  Probe (Chrono Boost)  
  78  7:10  Pylon  
  78  7:14  Void Ray  
  78  7:15  Void Ray  
  83  7:17  Probe  
  83  7:19  Void Ray  
  86  7:28  Pylon  
  86  7:29  Probe  
  87  7:36  Protoss Air Weapons Level 2  
  87  7:38  Protoss Air Armor Level 2  
  87  7:49  Twilight Council  
  87  7:53  Void Ray x2  
  95  8:23  Void Ray  
  95  8:24  Void Ray x2  
  107  8:38  Protoss Shields Level 2  
  107  9:10  Void Ray  
  107  9:11  Void Ray x2  
  119  11:32  Void Ray x3  
  131  11:46  Pylon  
  131  11:47  Pylon  
  131  11:51  Pylon  
  131  12:03  Void Ray x2  
  139  12:15  Void Ray x2  
Tags
 
Add a new tag
Caveats
  • Supply blocks, unpowered buildings, or Contaminate may cause inaccurate times.
  • Supply counts are checked every 10 seconds.